 Dungeon Crawl Stone Soup version 0.17.2-1-ge4368a0 (webtiles) character file.

203 hurricos the Chopper (level 5, -4/42 HPs)
             Began as a Minotaur Gladiator on July 4, 2018.
             Slain by a centaur (9 damage)
             ... on level 5 of the Dungeon.
             The game lasted 00:01:56 (1524 turns).

hurricos the Chopper (Minotaur Gladiator)           Turns: 1524, Time: 00:01:56

Health: -4/42      AC:  2    Str: 20    XL:     5   Next: 51%
Magic:  4/4        EV: 12    Int:  6    God:
Gold:   65         SH:  0    Dex: 10    Spells: 0 memorised, 4 levels left

rFire  . . .     SeeInvis .     a - +1 war axe
rCold  . . .     Clarity  .     g - +0 robe (curse)
rNeg   . . .     SustAt   .     (no shield)
rPois  .         Gourm    .     c - +0 hat
rElec  .         Spirit   .     (no cloak)
rCorr  .         Warding  .     (no gloves)
rMut   .         Stasis   .     (no boots)
MR     .....                    (no amulet)
Stlth  +.........               (no ring)
                                (no ring)

@: not resistant to hostile enchantments, very unstealthy
A: retaliatory headbutt, horns 2
a: no special abilities


You were on level 5 of the Dungeon.
You were not hungry.

You visited 1 branch of the dungeon, and saw 6 of its levels.

You collected 65 gold pieces.

Inventory:

Hand Weapons
 a - a +1 war axe (weapon)
Missiles
 d - 2 throwing nets (quivered)
Armour
 b - a +0 leather armour
 c - a +0 hat (worn)
 g - a cursed +0 robe (worn)
Wands
 k - a wand of cold (4)
Scrolls
 j - a scroll of remove curse {unknown}
 l - a scroll of teleportation {unknown}
Potions
 f - a potion of lignification
 h - a potion of curing {unknown}
 i - a potion of mutation {unknown}
 n - a potion of cure mutation {unknown}
Books
 m - an Akashic Record

   Spells                             Type                      Level
   a - Dispersal                      Translocation                6
   b - Malign Gateway                 Summoning/Translocation      7
   c - Disjunction                    Translocation                8
   d - Controlled Blink               Translocation                8


   Skills:
 - Level 2.4 Fighting
 + Level 7.6 Axes
 - Level 2.0 Throwing
 - Level 3.2 Dodging


You had 4 spell levels left.
You didn't know any spells.

Dungeon Overview and Level Annotations

Branches:
Dungeon (6/15)
 Temple: D:4-7

Altars:

Annotations:
D:6 Dowan, Duvessa


Innate Abilities, Weirdness & Mutations

You reflexively headbutt those who attack you in melee.
You have a pair of horns on your head.


Message History

You hit the centaur.
The centaur is moderately wounded.
The centaur hits you.
* * * LOW HITPOINT WARNING * * *
The centaur hits you.
* * * LOW HITPOINT WARNING * * *
You are too injured to fight recklessly!
You are too injured to fight recklessly!
You are too injured to fight recklessly!
You are too injured to fight recklessly!
You are too injured to fight recklessly!
You hit the centaur. Your headbutt misses the centaur.
The centaur is heavily wounded.
The centaur closely misses you.
You barely miss the centaur. You headbutt the centaur!
The centaur is almost dead.
The centaur hits you.
* * * LOW HITPOINT WARNING * * *
The centaur hits you!
You die...

# ##.####. ..... .......
#..##. #.##.#.
#..##.####.##.#. .
#..##....#...... ...
#..##....#.##...
....#####..##....#.##.#.
......c.................
.......@...........##.#.
.........(..#...........
#..######...............
. ..........(.รท........
######.....###.......
#...............
#.....###.##....
...........##....
.........######....


You could see a centaur.

Vanquished Creatures
  2 worker ants (D:5)
  3 orc wizards (D:5)
  An iguana (D:5)
  An adder (D:5)
  An ooze (D:3)
  8 orcs
  A giant cockroach (D:1)
  2 goblins
  2 hobgoblins
  3 jackals (D:2)
  A quokka (D:2)
  A ball python (D:3)
  2 bats (D:1)
  A giant gecko (D:1)
  2 rats
31 creatures vanquished.

Notes
Turn   | Place    | Note
--------------------------------------------------------------
     0 | D:1      | hurricos the Minotaur Gladiator began the quest for the Orb.
     0 | D:1      | Reached XP level 1. HP: 18/18 MP: 0/0
   111 | D:1      | Reached skill level 4 in Axes
   154 | D:2      | Reached XP level 2. HP: 23/25 MP: 1/1
   212 | D:3      | Reached skill level 5 in Axes
   263 | D:4      | Reached XP level 3. HP: 12/30 MP: 2/2
   288 | D:5      | Entered Level 5 of the Dungeon
   701 | D:5      | Reached XP level 4. HP: 34/37 MP: 3/3
   707 | D:5      | Reached skill level 6 in Axes
   999 | D:5      | Reached skill level 7 in Axes
   999 | D:5      | Reached XP level 5. HP: 32/42 MP: 4/4
  1191 | D:5      | HP: 1/42 [iguana (14)]
  1210 | D:6      | Noticed Dowan
  1483 | D:6      | Noticed Duvessa
  1514 | D:5      | Noticed a centaur
  1524 | D:5      | Slain by a centaur

Action                   |  1- 3 |  4- 6 || total
-------------------------+-------+-------++-------
Melee: War axe           |    51 |    33 ||    84
Throw: Throwing net      |       |     3 ||     3
  Use: Scroll            |     2 |       ||     2
       Potion            |       |     1 ||     1
 Stab: Held in net/web   |       |     1 ||     1
  Eat: Bread ration      |       |     1 ||     1
